 Dungeon Crawl Stone Soup version 0.22.1-2-g9c5b331 (webtiles) character file.

68 redwoodhats the Skirmisher (level 4, 0/35 HPs)
             Began as a Mummy Chaos Knight on Dec 7, 2018.
             Slain by a crimson imp (2 damage)
             ... summoned by the capriciousness of Xom
             ... on level 2 of the Dungeon.
             The game lasted 00:13:11 (2213 turns).

redwoodhats the Skirmisher (Mummy Chaos Knight)     Turns: 2213, Time: 00:13:11

Health: 0/35       AC:  4    Str: 16    XL:     4   Next: 1%
Magic:  4/4        EV: 11    Int: 11    God:    Xom [.....*]
Gold:   43         SH:  0    Dex: 11    Spells: 3/3 levels left

rFire    x . .     SeeInvis .   a - +0 mace (chaos)
rCold    + . .     Gourm    .   (no shield)
rNeg     + + +     Faith    .   b - +3 leather armour
rPois    ∞         Spirit   .   (no helmet)
rElec    .         Reflect  .   (no cloak)
rCorr    .         Harm     .   (no gloves)
MR       .....                  e - +0 pair of boots
Stlth    +.........             (no amulet)
HPRegen  0.11/turn              g - -3 ring of protection
MPRegen  0.09/turn              h - ring of positive energy

@: no status effects
A: no food or potions, fire vulnerability, cold resistance 1, negative energy
resistance 3, torment resistance, unbreathing
a: Renounce Religion


You were on level 2 of the Dungeon.
You worshipped Xom.
You were Xom's teddy bear.
You were not hungry.

You visited 1 branch of the dungeon, and saw 2 of its levels.

You collected 43 gold pieces.

Inventory:

Hand Weapons
 a - a +0 mace of chaos (weapon)
 c - a -2 hunting sling
 m - a +0 spear
Missiles
 k - 4 large rocks
 n - 23 stones (quivered)
Armour
 b - a +3 leather armour (worn)
 e - a +0 pair of boots (worn)
Jewellery
 g - a -3 ring of protection (left hand)
 h - a ring of positive energy (right hand)
Scrolls
 d - a scroll of amnesia
 f - 2 scrolls of fog
 j - a scroll of identify
 l - a scroll of noise {unknown}


   Skills:
 + Level 3.4 Fighting
 + Level 3.1 Maces & Flails
 + Level 2.0 Armour
 + Level 1.5 Dodging
 + Level 0.2 Stealth


You had 3 spell levels left.
You didn't know any spells.
Your spell library was empty.

Dungeon Overview and Level Annotations

Branches:
Dungeon (2/15)

Altars:


Innate Abilities, Weirdness & Mutations

You do not eat or drink.
Your flesh is vulnerable to fire.
You are immune to poison.
Your flesh is cold resistant. (rC+)
You are immune to negative energy. (rN+++)
You are immune to unholy pain and torment.
You can survive without breathing.


Message History

The crimson imp barely misses you. The crimson imp hits you.
* * * LOW HITPOINT WARNING * * *
The crimson imp blinks!
The crimson imp blinks!
The crimson imp shouts, "Submit, thou unmuzzled beetle-headed lout!"
The crimson imp completely misses you. The crimson imp closely misses you.
The crimson imp hits you but does no damage.
The crimson imp barely misses you. The crimson imp hits you.
* * * LOW HITPOINT WARNING * * *
The crimson imp shouts, "Crawl home, thou unctious smouldering nightsoil!"
The crimson imp closely misses you.
The crimson imp hits you but does no damage.
The crimson imp hits you.
* * * LOW HITPOINT WARNING * * *
The crimson imp hits you.
You die... "What!?
That's it?"

#.....# ########.###.#
#......#.# #.# #.#....#.###.#
######## #.#..........####
#####......#
#.#....#.##..##.###......###.#
#.##.#.#.....#...##.###..# #.#
#.##.#.####.#.....#.###..# #.#
#..>...# #...@5.........# #.#
####.### #####(###.####.# #.#
#.# #.# #.####.###.# #†# #.#
#......#...# #.#
##'##########.### #.# ##...##
#.# #.## ##.....## ##.# #..##
##.......## ##..#
######...####....)....####...##


You could see a crimson imp.

Vanquished Creatures
  2 adders (D:2)
  2 dart slugs
  A leopard gecko (D:2)
  2 ball pythons
  5 bats
  5 giant cockroaches
  6 goblins
  3 hobgoblins (D:2)
  4 jackals (D:2)
  4 frilled lizards (D:2)
  6 kobolds
  2 rats
42 creatures vanquished.

Notes
Turn   | Place    | Note
-------+----------+-------------------------------------------
     0 | D:1      | redwoodhats the Mummy Chaos Knight began the quest for the
                  | Orb.
     0 | D:1      | Reached XP level 1. HP: 18/18 MP: 1/1
   250 | D:1      | Reached XP level 2. HP: 20/24 MP: 2/2
   257 | D:1      | XOM: divination: magic mapping
   416 | D:1      | XOM: silly message
   423 | D:1      | XOM: silly message
   749 | D:1      | XOM: harmless Summ miscast
   829 | D:1      | XOM: divination: detect creatures
  1022 | D:2      | Reached skill level 1 in Dodging
  1071 | D:2      | Reached XP level 3. HP: 24/29 MP: 3/3
  1399 | D:2      | XOM: scenery: 1 doors close
  1526 | D:2      | XOM: 6-stop teleportation journey
  2071 | D:2      | HP: 1/29 [adder (2)]
  2074 | D:2      | Reached XP level 4. HP: 1/35 MP: 4/4
  2173 | D:2      | XOM: mild Summ miscast
  2212 | D:2      | HP: 1/35 [crimson imp[the capriciousness of Xom] (1)]
  2213 | D:2      | Slain by a crimson imp

Skill      XL: |  1  2  3 |
---------------+----------+-----
Maces & Flails | 3 |  3.1
Dodging        | 1 |  1.5
Armour         | 2 |  2.0
Fighting       | |  3.4
Stealth        | |  0.2

Action                   |  1- 3 |  4- 6 || total
-------------------------+-------+-------++-------
Melee: Mace              |   146 |       ||   146
 Fire: Hunting sling     |     7 |       ||     7
  Use: Scroll            |     8 |       ||     8
Armor: Leather armour    |    89 |     8 ||    97
Dodge: Dodged            |   139 |    13 ||   152
